 Dungeon Crawl Stone Soup version 0.17.0-23-g0de4337 (webtiles) character file.

184 radek the Digger (level 5, 0/28 HPs)
             Began as a Gargoyle Earth Elementalist on Nov 13, 2015.
             Slain by an orc (1 damage)
             ... on level 3 of the Dungeon.
             The game lasted 00:19:05 (4737 turns).

radek the Digger (Gargoyle Earth Elementalist)      Turns: 4737, Time: 00:19:05

Health: 0/28       AC:  7    Str: 11    XL:     5   Next: 64%
Magic:  3/11       EV: 12    Int: 22    God:
Gold:   60         SH:  0    Dex: 10    Spells: 3 memorised, 3 levels left

rFire  . . .     SeeInvis .     b - 116 stones
rCold  . . .     Clarity  .     u - +0 robe
rNeg   + . .     SustAt   .     (no shield)
rPois  ∞         Gourm    .     (no helmet)
rElec  +         Spirit   .     (no cloak)
rCorr  .         Warding  .     (no gloves)
rMut   .         Stasis   .     z - +0 pair of boots
MR     .....                    (no amulet)
Stlth  ++........               (no ring)
                                (no ring)

@: brilliant, not resistant to hostile enchantments, unstealthy
A: negative energy resistance 1, electricity resistance, unbreathing,
petrification resistance, rot immunity, AC +4
a: no special abilities


You were on level 3 of the Dungeon.
You were not hungry.

You visited 1 branch of the dungeon, and saw 3 of its levels.

You collected 60 gold pieces.

Inventory:

Hand Weapons
 f - a +0 short sword
 h - a +0 club
 r - a +0 whip
 A - a +0 rapier
Missiles
 b - 116 stones (in hand)
Armour
 a - a +0 robe
 u - a +0 robe (worn)
 z - a +0 pair of boots (worn)
Jewellery
 y - a +3 ring of protection {unknown}
Wands
 s - a wand of slowing (14)
Scrolls
 i - a scroll of recharging {unknown}
 j - a scroll of blinking {unknown}
 m - a scroll of identify {unknown}
 n - a scroll of remove curse
 o - 2 scrolls of teleportation {unknown}
 v - 2 scrolls of immolation {unknown}
 w - a scroll of magic mapping {unknown}
Potions
 e - a potion of cure mutation {unknown}
 g - a potion of magic {unknown}
 k - a potion of brilliance
 l - a potion of mutation {unknown}
 t - a potion of curing {unknown}
Books
 c - a book of Geomancy

   Spells                             Type                      Level
   a - Sandblast                      Earth                        1
   b - Stoneskin                      Transmutation/Earth          2
   c - Passwall                       Transmutation/Earth          3
   d - Stone Arrow                    Conjuration/Earth            3
   e - Petrify                        Transmutation/Earth          4
   f - Lee's Rapid Deconstruction     Earth                        5
Comestibles
 d - 2 bread rations
 q - a meat ration


   Skills:
 - Level 1.5 Dodging
 - Level 2.1 Stealth
 * Level 4.0 Spellcasting
 * Level 3.1 Conjurations
   Level 0.7 Transmutations
 + Level 4.3 Earth Magic


You had 3 spell levels left.
You knew the following spells:

 Your Spells              Type           Power        Failure   Level  Hunger
a - Sandblast             Erth           #####.       1%          1    None
b - Stone Arrow           Conj/Erth      ####..       1%          3    ###....
c - Lee's Rapid Deconstr  Erth           #####.....   10%         5    ######.


Dungeon Overview and Level Annotations

Branches:
Dungeon (3/15)

Altars:
Gozag

Annotations:
D:3 MTVSty1e's ghost, amateur DrTm; Robin


Innate Abilities, Weirdness & Mutations

You are resistant to torment.
Your stone body is resilient (AC +4).
You are immune to poison.
You resist negative energy.
You are resistant to electric shocks.
You can survive without breathing.
You are immune to petrification.
You are immune to rotting.


Message History

* * * LOW HITPOINT WARNING * * *
You see here 13 gold pieces.
The orc misses you.
Your magical contamination has completely faded away.
There is a stone staircase leading up here.
You see here a goblin corpse.
The orc hits you but does no damage.
There is a stone staircase leading up here.
A kobold comes into view.
The kobold shouts!
The orc hits you.
* * * LOW HITPOINT WARNING * * *
The kobold throws a stone.
The stone hits you but does no damage.
Found a bread ration.
You see here a stone.
Drink which item? (? for menu, Esc to quit)
It was a potion of brilliance.
You feel clever all of a sudden. The orc hits you.
You die...

# ###. #...
##############..###..
%K.........$.#......#
#######.@........#
........oo.......###
.###..........<....#
##......<...†..##....
#...............# ###
#.............#.#
#.............#..#
#..................
#............###.###


You could see 2 orcs and a kobold.

Vanquished Creatures
  An orc wizard (D:2)
  Jessica (D:2)
  A gnoll (D:1)
  6 adders
  A worm (D:2)
  A giant gecko (D:3)
  3 orcs (D:2)
  10 bats
  2 giant cockroaches (D:1)
  10 goblins
  6 hobgoblins
  4 giant newts
  13 kobolds
  5 rats
64 creatures vanquished.

Notes
Turn   | Place    | Note
--------------------------------------------------------------
     0 | D:1      | radek the Gargoyle Earth Elementalist began the quest for the Orb.
     0 | D:1      | Reached XP level 1. HP: 10/10 MP: 3/3
   488 | D:1      | Reached XP level 2. HP: 15/15 MP: 1/5
   847 | D:1      | Reached XP level 3. HP: 17/19 MP: 4/7
   880 | D:1      | Learned a level 3 spell: Stone Arrow
  1571 | D:2      | Reached skill level 1 in Conjurations
  2027 | D:2      | Reached XP level 4. HP: 3/24 MP: 9/9
  2339 | D:2      | Noticed Jessica
  2341 | D:2      | Killed Jessica
  2454 | D:2      | Found an opulent altar of Gozag.
  2473 | D:2      | Reached skill level 4 in Earth Magic
  2846 | D:1      | Reached XP level 5. HP: 7/28 MP: 0/10
  3084 | D:1      | Learned a level 5 spell: Lee's Rapid Deconstruction
  4128 | D:3      | Noticed Robin
  4207 | D:3      | Noticed MTVSty1e's ghost (amateur DrTm)
  4736 | D:3      | HP: 1/28 [orc (2)]
  4737 | D:3      | Slain by an orc

Action                   |  1- 3 |  4- 6 || total
-------------------------+-------+-------++-------
Melee: Unarmed           |    29 |       ||    29
       Club              |   114 |     3 ||   117
       Whip              |       |   184 ||   184
 Cast: Sandblast         |    37 |    17 ||    54
       Stone Arrow       |       |    33 ||    33
  Use: Scroll            |       |     1 ||     1
       Potion            |       |     1 ||     1
 Stab: Sleeping          |       |     1 ||     1
  Eat: Chunk             |     4 |     9 ||    13
       Bread ration      |       |     1 ||     1
       Pizza             |       |     1 ||     1
